 Dungeon Crawl Stone Soup version 0.28-a0-1567-g1695149f81 (webtiles) character file.

Game seed: 1636887340998080904

265934 sasquatch the Brawler (level 19, -24/162 (170) HPs)
             Began as a Demonspawn Berserker on Jan 19, 2022.
             Was a High Priest of Trog.
             Killed from afar by a shadow dragon (30 damage)
             ... with a bolt of negative energy
             ... on level 1 of the Depths on Jan 20, 2022.
             The game lasted 01:54:31 (40750 turns).

sasquatch the Brawler (Demonspawn Berserker)       Turns: 40750, Time: 01:54:32

HP:   -24/162 (170) AC: 35    Str: 26    XL:     19   Next: 31%
MP:   19/19         EV:  9    Int: 11    God:    Trog [*****.]
Gold: 3979          SH: 27    Dex: 15    Spells: 18/18 levels left

rFire   + . .      SeeInvis .     - Unarmed
rCold   + . .      Faith    .   W - +8 tower shield of Springtime {Str+2}
rNeg    . . .      Spirit   .   M - +9 scales of the Dragon King {rPois rF+ rC+ Will+}
rPois   +          Reflect  .   N - +1 helmet {Int+3}
rElec   .          Harm     .   k - +2 cloak
rCorr   +          Rampage  .   (gloves unavailable)
Will    +++..                   (boots unavailable)
Stlth   ..........              X - amulet of regeneration
HPRegen 1.17/turn               T - ring of willpower
MPRegen 0.16/turn               J - ring "Giniof" {rCorr Stlth+}

@: about to teleport, on berserk cooldown, slowed, lightly drained, very slow
A: hooves 3, powered by pain 3, robust 1, demonic magic 2, weakness stinger 1,
demonic touch 3
}: 2/15 runes: decaying, gossamer
a: Renounce Religion, Berserk, Trog's Hand, Brothers in Arms


You were on level 1 of the Depths.
You worshipped Trog.
Trog was extremely pleased with you.
You visited 6 branches of the dungeon, and saw 32 of its levels.
You also visited: Sewer and Ice Cave.

You collected 4307 gold pieces.
You spent 328 gold pieces at shops.

Inventory:

Missiles
 u - 39 poisoned darts
 w - 4 curare-tipped darts (quivered)
 y - 2 throwing nets
Armour
 k - a +2 cloak (worn)
 M - the +9 scales of the Dragon King (worn) {rPois rF+ rC+ Will+}
   (You found it in an ice cave)

   rF:        It protects you from fire.
   rC:        It protects you from cold.
   rPois:     It protects you from poison.
   Will:      It increases your willpower.
 N - a +1 helmet of intelligence (worn)
 W - the +8 tower shield of Springtime (worn) {Str+2}
   (You bought it in a shop on level 2 of the Orcish Mines)

   Str:       It affects your strength (+2).
Jewellery
 b - a +4 ring of protection
 x - the ring "Wungamemp" {Fly rElec Will- Int-5 Dex+6}
   (You found it on level 1 of the Lair of Beasts)

   [ring of flight]

   Int:       It affects your intelligence (-5).
   Dex:       It affects your dexterity (+6).
   rElec:     It insulates you from electricity.
   Fly:       It grants you flight.
   Will:      It decreases your willpower.
 C - a ring of ice
 H - an amulet of reflection
 J - the ring "Giniof" (right hand) {rCorr Stlth+}
   (You acquired it on level 3 of the Spider Nest)

   [ring of resist corrosion]

   rCorr:     It protects you from acid and corrosion.
   Stlth:     It makes you more stealthy.
 S - a ring of ice
 T - a ring of willpower (left hand)
 X - an amulet of regeneration (around neck)
Wands
 c - a wand of digging (7)
 m - a wand of flame (59)
 q - a wand of charming (7)
 B - a wand of mindburst (11)
 K - a wand of iceblast (25)
 V - a wand of polymorph (5)
 Y - a wand of acid (46)
Scrolls
 d - 4 scrolls of enchant weapon
 e - a scroll of torment
 f - 3 scrolls of immolation
 g - 10 scrolls of enchant armour
 h - 6 scrolls of vulnerability
 i - 11 scrolls of identify
 l - 3 scrolls of magic mapping
 o - 15 scrolls of teleportation
 p - 3 scrolls of blinking
 r - 7 scrolls of fear
 F - 6 scrolls of fog
 L - a scroll of brand weapon
Potions
 a - 7 potions of attraction
 j - 5 potions of magic
 n - 3 potions of lignification
 s - 3 potions of resistance
 t - 4 potions of might
 v - 9 potions of curing
 z - 5 potions of haste
 A - 4 potions of invisibility
 D - 3 potions of heal wounds
 E - 2 potions of flight
 G - 3 potions of mutation
 O - 3 potions of ambrosia
 Q - a potion of berserk rage
 R - 4 potions of cancellation
Miscellaneous
 I - a lightning rod (4/4)
 P - a condenser vane


   Skills:
 - Level 15.0 Fighting
 - Level 15.0 Armour
 - Level 15.0 Dodging
 - Level 15.0 Shields
 + Level 18.7 Unarmed Combat


You had 18 spell levels left.
You didn't know any spells.
Your spell library was empty.

Dungeon Overview and Level Annotations

Branches:
Dungeon (15/15)            Temple (0/1) D:6            Lair (6/6) D:10
  Swamp (4/4) Lair:3       Spider (4/4) Lair:4        Slime (0/5) Lair:5
    Orc (2/2) D:11            Elf (0/3) Orc:2        Depths (1/4) D:15
  Sewer (visited)           IceCv (visited)
 Vaults: D:13-14

Altars:
Ashenzari
Makhleb
The Shining One
Beogh
Lugonu

Shops:
D:2 (   Orc:1 (   Orc:2 [*([

Portals:
Hell: Depths:1
Abyss: Lair:6
Ziggurat: Depths:1

Annotations:
Spider:4 1 exclusion
Depths:1 1 transporter, fragbeetle's ghost, adept GrEE


Innate Abilities, Weirdness & Mutations

You have hooves in place of feet.
You are powered by pain.
You are robust. (+10% HP)
Spells you cast may paralyse nearby enemies.
You have a small tail.
Your touch may irresistibly damage your foes and sap their willpower.


Message History

The shadow dragon claws you but does no damage.
You block the shadow dragon's attack.
The golden dragon bites your ettin but does no damage.
The golden dragon claws your ettin! The golden dragon tramples your ettin.
Your ettin holds its ground!
You see here the +4 cloak of the Devil's Advocate {Harm Fly Int-4 Dex+8}.
You are too berserk!
Unknown command.
You are too berserk!
You are too berserk!
Unknown command.
You are too berserk!
You are too berserk!
Unknown command.
You are no longer berserk.
You are exhausted.
You feel yourself slow down.
Your stone giant dissolves into shadows!
Your ettin hits the golden dragon with a +0 dire flail!! x2
The cyan very ugly thing trunk-slaps your ettin!
The cyan very ugly thing shocks your ettin!!
Your ettin dies!
Your ettin's corpse dissolves into shadows!
The cyan very ugly thing gurgles horribly!
Press: ? - help, v - describe, . - travel
Here: fragbeetle's ghost The floor, spattered with blood.
Unknown command.
As you read the scroll of teleportation, it crumbles to dust.
You feel strangely unstable. The spark wasp stings you!
* * * LOW HITPOINT WARNING * * *
The spark wasp shocks you!
* * * LOW HITPOINT WARNING * * *
You block the spark wasp's attack. The golden dragon breathes cold at you.
The bolt of cold hits you! You resist.
* * * LOW HITPOINT WARNING * * *
The shadow dragon breathes negative energy at you.
The bolt of negative energy hits you!!
You feel drained.
You die...

##########
#######........#######
#....................#
##........####.©.####
#.......###..#####..##
'......##..#$=)D[/)..#
###....#....###y@.##.##
..'..#.##D#.DuuD#.....#
..##.#..#...#.uD†.##..#.
...###..#..##.W#......#.
.#+#....#....#..[#...##
##.#....##......#...©# .
...##....##.###..#####.#
....##....###©####.....
.....#............... #


You could see a shadow dragon (catching breath), 2 golden dragons, 3 very ugly
things, an ice dragon, a spark wasp and fragbeetle's ghost.

Vanquished Creatures
  A tentacled monstrosity (Swamp:3)
  A quicksilver dragon (Depths:1)
  Asterion (Spider:4)
  The ghost of Fawason the Bringer of Light, an adept HuFi of the Shining One (Spider:4)
  Kirke (Lair:5)
  3 thorn hunters (Swamp:4)
  2 fenstrider witches (Swamp:2)
  The ghost of SirDiesAlot the Eclecticist, an adept DjFE of Gozag (Swamp:3)
  9 emperor scorpions
  The ghost of Riopsa the Earth Mage, an adept GrEE of Vehumet (Spider:3)
  3 orc warlords (Orc:1)
  5 ghost moths
  3 broodmothers
  A stone giant (Depths:1)
  6 eleionomae
  Nessos (Lair:4)
  4 spark wasps
  2 bunyips
  3 entropy weavers
  2 blizzard demons (IceCv)
  An ettin (Depths:1)
  2 fire dragons (Depths:1)
  A shambling mangrove (Swamp:1)
  Josephine (D:15)
  2 caustic shrike simulacra (IceCv)
  10 boulder beetles
  26 hydras
  4 jorogumos
  A spriggan air mage (Swamp:3)
  4 ghost crabs
  4 radroaches
  2 centaur warriors
  3 death knights
  4 two-headed ogres
  A death scarab (Spider:2)
  15 death yaks
  3 tengu warriors
  3 thrashing horrors (Lair:6)
  A deep troll shaman (Depths:1)
  9 alligators
  3 iron trolls (Depths:1)
  A fire crab (shapeshifter) (Lair:6)
  2 sun moths (Spider:4)
  2 wretched stars (D:15)
  7 skeletal warriors
  5 goliath frogs
  16 orb spiders
  6 spriggan druids
  5 pharaoh ants
  3 cherubim (D:15)
  A glowing orange brain (Depths:1)
  5 steelbarb worms
  6 bog bodies
  13 swamp dragons
  A deep troll (Depths:1)
  3 spriggan simulacra (IceCv)
  An obsidian statue (IceCv)
  4 orc knights
  3 phantasmal warriors (D:15)
  2 wizards (D:15)
  27 wolf spiders
  A deep elf pyromancer (D:14)
  A deep elf zephyrmancer (D:9)
  2 necromancers
  A cyclops (shapeshifter) (Lair:6)
  3 orc sorcerers
  12 ugly things
  2 manticores
  5 will-o-the-wisps
  6 cyclopes
  7 moths of wrath
  8 elephants
  An oklob plant (Lair:4)
  Joseph (Lair:1)
  3 smoke demons (Lair:6)
  9 black mambas
  2 gargoyles
  2 naga magi (D:15)
  Maggie (Lair:1)
  15 cane toads
  6 rime drakes
  A cane toad (shapeshifter) (D:15)
  An anaconda simulacrum (IceCv)
  11 komodo dragons
  An efreet (D:10)
  5 demonic crawlers
  5 freezing wraiths
  A redback zombie (D:15)
  5 entropy weaver simulacra (IceCv)
  5 ice devils (IceCv)
  2 ancient zymes (Lair:6)
  12 trolls
  14 tyrant leeches
  10 meliai
  A tengu conjurer (D:14)
  4 red devils (D:13)
  A bloated husk (Swamp:1)
  10 hornets
  A polar bear (Lair:4)
  2 burning bushes (Lair:6)
  6 slime creatures
  A wolf spider simulacrum (D:15)
  27 tarantellas
  22 blink frogs
  7 dream sheep (Lair:5)
  Grinder (D:6)
  Prince Ribbit (D:9)
  38 jumping spiders
  A centaur simulacrum (D:15)
  A ynoxinul (Lair:6)
  A large abomination (Lair:6)
  4 shadows
  6 water elementals (D:15)
  14 spriggans
  Sigmund (D:4)
  29 culicivoras
  A vampire (D:9)
  12 wraiths
  12 basilisks
  A hog (shapeshifter) (D:14)
  A hog (Lair:5)
  4 wyverns
  68 yaks
  A redback (shapeshifter) (D:10)
  A steam dragon (D:6)
  4 humans (D:7)
  64 redbacks
  A chaos spawn (Lair:6)
  18 vampire mosquitoes
  7 wargs
  A harpy simulacrum (IceCv)
  13 swamp worms
  Menkaure (D:4)
  10 minotaur simulacra (IceCv)
  A hydra simulacrum (IceCv)
  2 two-headed ogre zombies (D:11)
  An acid dragon (D:11)
  21 water moccasins
  A sky beast (D:6)
  4 swamp drakes
  An elephant zombie (Lair:5)
  An ettin simulacrum (IceCv)
  36 orc warriors
  2 ice beasts
  2 black bears
  3 ogres
  10 wolves
  The ghost of flotson the Chopper, an amateur DsGl (D:3)
  6 centaurs
  A komodo dragon zombie (Lair:5)
  4 phantoms
  A kobold brigand (D:8)
  10 bullfrogs
  A scorpion (D:6)
  12 deep troll simulacra (IceCv)
  A water moccasin zombie (D:7)
  2 troll zombies (D:11)
  14 killer bees
  A lindwurm simulacrum (IceCv)
  4 wights (D:8)
  4 electric eels
  A howler monkey (D:12)
  3 centaur zombies
  A basilisk zombie (Lair:5)
  3 hounds
  8 small abominations (Lair:6)
  3 centaur skeletons
  20 orc priests
  Crazy Yiuf (D:2)
  A bullfrog skeleton (D:5)
  16 jellies
  3 iguanas
  24 orc wizards
  2 killer bee zombies
  4 ogre zombies (D:11)
  A hound skeleton (D:5)
  A howler monkey zombie (D:3)
  A gnoll (D:1)
  A howler monkey skeleton (D:7)
  9 adders
  15 river rats
  A white imp (D:6)
  A worm (D:2)
  A dart slug (D:1)
  96 orcs
  19 ball pythons
  8 endoplasms
  3 giant cockroaches
  4 goblins
  5 hobgoblins
  4 jackals (D:2)
  A quokka (D:2)
  6 bats
  8 frilled lizards
  2 goblin skeletons (D:11)
  6 goblin zombies (D:11)
  2 hobgoblin zombies (D:11)
  15 kobolds
  An orc skeleton (D:11)
  14 orc zombies (D:11)
  31 rats
1317 creatures vanquished.

Vanquished Creatures (collateral kills)
  A caustic shrike (Depths:1)
  Nikola (Swamp:2)
  A very ugly thing (Depths:1)
  A bunyip (Swamp:1)
  An alligator (Swamp:1)
  A goliath frog (Swamp:1)
  A spriggan druid (Swamp:2)
  A will-o-the-wisp (Swamp:2)
  A moth of wrath (Depths:1)
  2 demonic crawlers (Spider:1)
  2 meliai (Spider:1)
  A culicivora (Spider:1)
  2 jumping spiders (Spider:1)
  A redback (Spider:1)
17 creatures vanquished.

Vanquished Creatures (others)
  A deep elf pyromancer (D:10)
  A manticore (D:10)
  5 tyrant leeches
  6 tarantellas (Spider:1)
  A jumping spider (Spider:3)
  3 culicivoras (Spider:1)
  2 redbacks (Spider:1)
  A swamp drake (Swamp:2)
  29 foxfires
  44 fungi
  38 plants
131 creatures vanquished.

Grand Total: 1465 creatures vanquished

Notes
Turn   | Place    | Note
-------+----------+-------------------------------------------
     0 | D:1      | sasquatch the Demonspawn Berserker began the quest for the
                  | Orb.
     0 | D:1      | Reached XP level 1. HP: 18/18 MP: 1/1
   200 | D:1      | Reached skill level 3 in Unarmed Combat
   200 | D:1      | Gained mutation: You sometimes gain a little power by
                  | taking damage. [demonic ancestry]
   200 | D:1      | Reached XP level 2. HP: 19/24 MP: 2/2
   688 | D:1      | Gained mutation: Spells you cast may paralyse adjacent
                  | enemies. [demonic ancestry]
   688 | D:1      | Reached XP level 3. HP: 17/29 MP: 3/3
  1181 | D:2      | Found a runed translucent door.
  1182 | D:2      | Noticed Crazy Yiuf
  1494 | D:2      | Reached ** piety under Trog
  1660 | D:2      | Found Usoill's Weapon Emporium.
  1725 | D:2      | Reached skill level 4 in Unarmed Combat
  1867 | D:2      | Discovered your monstrous ancestry.
  1867 | D:2      | Gained mutation: You have large cloven feet. [demonic
                  | ancestry]
  1867 | D:2      | Reached XP level 4. HP: 37/37 MP: 4/4
  2140 | D:2      | Killed Crazy Yiuf
  2548 | D:3      | Noticed a water moccasin
  2554 | D:3      | Killed a water moccasin
  2555 | D:3      | Reached skill level 5 in Unarmed Combat
  2555 | D:3      | Gained mutation: You sometimes gain power by taking damage.
                  | [demonic ancestry]
  2555 | D:3      | Reached XP level 5. HP: 43/43 MP: 5/5
  2744 | D:3      | Found a transporter.
  2746 | D:3      | Noticed a phantom
  2748 | D:3      | Noticed flotson's ghost (amateur DsGl)
  2955 | D:3      | Gained mutation: Your touch may inflict minor irresistible
                  | damage on your foes. [demonic ancestry]
  2955 | D:3      | Reached XP level 6. HP: 43/49 MP: 6/6
  3007 | D:3      | Found a transporter.
  3540 | D:3      | Killed flotson's ghost
  3541 | D:3      | Reached skill level 5 in Fighting
  3541 | D:3      | Reached skill level 6 in Unarmed Combat
  3640 | D:4      | Gained mutation: You have a small tail. [demonic ancestry]
  3640 | D:4      | Reached XP level 7. HP: 38/56 MP: 7/7
  4220 | D:4      | Noticed Sigmund
  4220 | D:4      | Noticed Menkaure
  4225 | D:4      | Killed Sigmund
  4227 | D:4      | Killed Menkaure
  4228 | D:4      | Reached skill level 7 in Unarmed Combat
  4620 | D:5      | Entered Level 5 of the Dungeon
  4670 | D:5      | Gained mutation: You are powered by pain. [demonic
                  | ancestry]
  4670 | D:5      | Reached XP level 8. HP: 64/64 MP: 8/8
  5069 | D:5      | Reached skill level 8 in Unarmed Combat
  5273 | D:6      | Reached *** piety under Trog
  5281 | D:6      | Found a glowing drain.
  5290 | Sewer    | Entered a sewer
  5566 | Sewer    | Reached skill level 9 in Unarmed Combat
  5642 | Sewer    | Reached **** piety under Trog
  5795 | D:6      | Reached XP level 9. HP: 72/72 MP: 9/9
  5937 | D:6      | Noticed Grinder
  5946 | D:6      | Killed Grinder
  5977 | D:6      | HP: 3/73 [steam dragon/ball of steam (17)]
  5982 | D:6      | Found a staircase to the Ecumenical Temple.
  6293 | D:6      | Reached skill level 10 in Unarmed Combat
  7049 | D:7      | Noticed a cyclops
  7057 | D:7      | Killed a cyclops
  7357 | D:7      | Gained mutation: You have hoof-like feet. [demonic
                  | ancestry]
  7357 | D:7      | Reached XP level 10. HP: 83/83 MP: 10/10
  7689 | D:7      | Identified the +5 mace "Nezoid" {vorpal, Will- Dex+4}
  7771 | D:8      | Reached skill level 5 in Dodging
  8865 | D:9      | Noticed a two-headed ogre
  8866 | D:9      | Noticed a two-headed ogre
  8871 | D:9      | Killed a two-headed ogre
  8878 | D:9      | Killed a two-headed ogre
  8879 | D:9      | Reached skill level 11 in Unarmed Combat
  9380 | D:9      | Reached skill level 10 in Fighting
  9480 | D:9      | Noticed a deep elf zephyrmancer
  9486 | D:9      | Killed a deep elf zephyrmancer
  9528 | D:9      | Noticed Prince Ribbit
  9536 | D:9      | Killed Prince Ribbit
  9876 | D:10     | Entered Level 10 of the Dungeon
 10042 | D:10     | Reached XP level 11. HP: 90/90 MP: 11/11
 10077 | D:10     | Reached skill level 12 in Unarmed Combat
 10174 | D:10     | Noticed a death yak
 10174 | D:10     | Noticed a death yak
 10200 | D:10     | Killed a death yak
 10206 | D:10     | Killed a death yak
 10303 | D:10     | Noticed a death yak
 10312 | D:10     | Killed a death yak
 10358 | D:10     | Found a staircase to the Lair.
 10360 | D:10     | Noticed a tengu warrior
 10378 | D:10     | Noticed a deep elf pyromancer
 10379 | D:10     | Noticed a red ugly thing
 10379 | D:10     | Noticed a centaur warrior
 10625 | D:10     | Reached skill level 13 in Unarmed Combat
 10698 | D:10     | Noticed a deep troll
 10877 | Lair:1   | Entered Level 1 of the Lair of Beasts
 10877 | Lair:1   | Noticed Joseph
 10886 | Lair:1   | Killed Joseph
 11175 | Lair:1   | Noticed a seven-headed hydra
 11184 | Lair:1   | Killed a seven-headed hydra
 11283 | Lair:1   | Reached skill level 14 in Unarmed Combat
 11312 | Lair:1   | Noticed Maggie
 11323 | Lair:1   | Killed Maggie
 11324 | Lair:1   | Reached XP level 12. HP: 80/97 MP: 12/12
 11461 | Lair:1   | You fall into a shaft and drop 1 floor!
 11496 | Lair:2   | Reached ***** piety under Trog
 11496 | Lair:2   | Noticed a boulder beetle
 11653 | Lair:2   | Killed a boulder beetle
 12243 | Lair:2   | Noticed an eight-headed hydra
 12256 | Lair:2   | Killed an eight-headed hydra
 12257 | Lair:2   | Reached skill level 15 in Unarmed Combat
 12677 | Lair:1   | Identified the ring "Wungamemp" {Fly rElec Will- Int-5
                  | Dex+6}
 12756 | Lair:1   | Reached skill level 10 in Dodging
 13142 | Lair:3   | Found a staircase to the Swamp.
 13373 | Lair:3   | Noticed a seven-headed hydra
 13393 | Lair:3   | Killed a seven-headed hydra
 13518 | Lair:3   | Gained mutation: Your touch may inflict irresistible damage
                  | on your foes. [demonic ancestry]
 13518 | Lair:3   | Reached XP level 13. HP: 72/103 MP: 13/13
 13692 | Lair:3   | Reached skill level 16 in Unarmed Combat
 14509 | Lair:4   | Found a hole to the Spider Nest.
 15045 | Lair:4   | Noticed Nessos
 15057 | Lair:4   | Killed Nessos
 15084 | Lair:4   | Reached skill level 5 in Armour
 15550 | Lair:5   | Found a staircase to the Slime Pits.
 16037 | Lair:5   | Noticed Kirke
 16049 | Lair:5   | Killed Kirke
 16252 | Lair:5   | Identified the +9 dagger of Callousness {freeze, MP+9
                  | Int+2}
 16273 | Lair:5   | Reached skill level 17 in Unarmed Combat
 16673 | Lair:6   | Entered Level 6 of the Lair of Beasts
 16701 | Lair:6   | Gained mutation: Your touch may irresistibly damage your
                  | foes and sap their willpower. [demonic ancestry]
 16701 | Lair:6   | Reached XP level 14. HP: 50/111 MP: 14/14
 16705 | Lair:6   | Received a gift from Trog
 17228 | Lair:6   | Identified the ring of Ewienoant {rN+ MP+9 EV+4 Int+4
                  | Slay-5}
 19278 | Lair:6   | Found a corrupted altar of Lugonu.
 19278 | Lair:6   | Found a one-way gate to the infinite horrors of the Abyss.
 19758 | D:11     | Found a staircase to the Orcish Mines.
 19939 | D:11     | Reached ****** piety under Trog
 19939 | D:11     | Received a gift from Trog
 20499 | Orc:1    | Entered Level 1 of the Orcish Mines
 20545 | Orc:1    | Found a burning altar of Makhleb.
 20586 | Orc:1    | Found Hasy Vown's Weapon Shop.
 20629 | Orc:1    | Bought 4 curare-tipped darts for 38 gold pieces
 20637 | Orc:2    | Entered Level 2 of the Orcish Mines
 20637 | Orc:2    | Noticed an orc warlord
 20720 | Orc:1    | Killed an orc warlord
 20815 | Orc:2    | Reached skill level 18 in Unarmed Combat
 20815 | Orc:2    | Reached XP level 15. HP: 101/122 MP: 15/15
 20923 | Orc:2    | Noticed an orc warlord
 20952 | Orc:2    | Received a gift from Trog
 21005 | Orc:1    | Killed an orc warlord
 21155 | Orc:2    | Found Faaczuth's Antique Armour Shoppe.
 21160 | Orc:2    | Found Semuer's Antique Weapon Emporium.
 21165 | Orc:2    | Bought a smouldering tower shield for 180 gold pieces
 21165 | Orc:2    | Identified the +8 tower shield of Springtime {Str+2} (You
                  | bought it in a shop on level 2 of the Orcish Mines)
 21443 | Orc:2    | Found Mij Moly's General Store.
 21450 | Orc:2    | Bought a scroll of teleportation for 39 gold pieces
 21450 | Orc:2    | Bought a scroll of magic mapping for 45 gold pieces
 21450 | Orc:2    | Bought a scroll of identify for 26 gold pieces
 21475 | Orc:2    | Found a staircase to the Elven Halls.
 21651 | Orc:2    | Received a gift from Trog
 21685 | Orc:2    | Found Jemmiref's Armour Boutique.
 21838 | Orc:1    | Noticed an orc warlord
 21852 | Orc:1    | Killed an orc warlord
 22595 | D:12     | Reached skill level 10 in Armour
 22736 | D:12     | Identified the +9 war axe of Sharkskin {venom, Str+5}
 23044 | D:12     | Found a broken altar of Ashenzari.
 23924 | Swamp:1  | Entered Level 1 of the Swamp
 23936 | Swamp:1  | Reached skill level 1 in Shields
 24921 | Swamp:2  | Noticed a fenstrider witch
 24930 | Swamp:2  | Killed a fenstrider witch
 24936 | Swamp:2  | HP: 4/189 [acid (8)]
 25326 | Swamp:1  | Reached skill level 5 in Shields
 26948 | Swamp:2  | Noticed a fenstrider witch
 26959 | Swamp:2  | Killed a fenstrider witch
 27657 | Swamp:2  | You fall into a shaft and drop 1 floor!
 27665 | Swamp:3  | Gained mutation: You are robust. (+10% HP) [demonic
                  | ancestry]
 27665 | Swamp:3  | Reached XP level 16. HP: 96/146 MP: 16/16
 28057 | Swamp:2  | Noticed Nikola
 28077 | Swamp:2  | Killed Nikola
 28255 | Swamp:3  | Found a runed translucent gate.
 28256 | Swamp:3  | Found a runed translucent gate.
 28256 | Swamp:3  | Found a runed translucent gate.
 28258 | Swamp:3  | Noticed SirDiesAlot's ghost (adept DjFE)
 28277 | Swamp:3  | Killed SirDiesAlot's ghost
 28425 | Swamp:3  | Noticed a tentacled monstrosity
 28447 | Swamp:3  | Killed a tentacled monstrosity
 28448 | Swamp:3  | Reached skill level 10 in Shields
 28844 | Swamp:4  | Entered Level 4 of the Swamp
 28847 | Swamp:3  | Received a gift from Trog
 28870 | Swamp:3  | Identified a scroll of acquirement
 28870 | Swamp:3  | Acquired a manual of Dodging
 29334 | Swamp:4  | Noticed a thorn hunter
 29388 | Swamp:4  | Noticed a thorn hunter
 29433 | Swamp:4  | Killed a thorn hunter
 29520 | Swamp:4  | Killed a thorn hunter
 29900 | Swamp:4  | Noticed a thorn hunter
 29917 | Swamp:4  | Killed a thorn hunter
 30126 | Swamp:4  | Got a decaying rune of Zot
 30459 | Spider:1 | Entered Level 1 of the Spider Nest
 30757 | Spider:1 | Gained mutation: Spells you cast may paralyse nearby
                  | enemies. [demonic ancestry]
 30757 | Spider:1 | Reached XP level 17. HP: 154/154 MP: 17/17
 30833 | Spider:1 | Reached skill level 15 in Fighting
 31255 | Spider:1 | Received a gift from Trog
 31804 | Spider:2 | Found a frozen archway.
 31840 | IceCv    | Entered an ice cave
 32153 | IceCv    | Received a gift from Trog
 32680 | IceCv    | Found the +9 scales of the Dragon King {rPois rF+ rC+
                  | Will+}
 33095 | Spider:2 | Reached skill level 15 in Dodging
 33440 | Spider:2 | HP: 6/137 [jorogumo/bolt of negative energy (19)]
 33646 | Spider:2 | Received a gift from Trog
 34140 | Spider:3 | Found a runed translucent gate.
 34140 | Spider:3 | Found a runed translucent gate.
 34141 | Spider:3 | Noticed Riopsa's ghost (adept GrEE)
 34299 | Spider:2 | Acquired 885 gold pieces
 34884 | Spider:3 | Acquired the ring "Giniof" {rCorr Stlth+}
 34964 | Spider:3 | Found a runed translucent gate.
 34986 | Spider:3 | Killed Riopsa's ghost
 34987 | Spider:3 | Reached XP level 18. HP: 163/163 MP: 18/18
 35146 | Spider:4 | Entered Level 4 of the Spider Nest
 35569 | Spider:3 | Received a gift from Trog
 35820 | Spider:4 | Noticed Asterion
 35949 | Spider:4 | Killed Asterion
 36082 | Spider:4 | Found a runed translucent door.
 36135 | Spider:4 | Noticed Fawason's ghost (adept HuFi)
 36156 | Spider:4 | Killed Fawason's ghost
 36953 | Spider:4 | Received a gift from Trog
 37566 | Spider:4 | Got a gossamer rune of Zot
 37946 | D:10     | Identified the +2 shortbow of Fybacuir {vorpal, Str+5}
 38159 | D:13     | You fall into a shaft and drop 1 floor!
 38245 | D:14     | Reached skill level 15 in Shields
 38963 | D:15     | Entered Level 15 of the Dungeon
 39211 | D:15     | Received a gift from Trog
 39236 | D:15     | Found a staircase to the Depths.
 39340 | D:15     | Gained mutation: You have hooves in place of feet. [demonic
                  | ancestry]
 39340 | D:15     | Reached XP level 19. HP: 164/170 MP: 19/19
 39368 | D:15     | Upgraded the game from 0.28-a0-1555-g9ae15a6949 to
                  | 0.28-a0-1567-g1695149f81
 39388 | D:15     | Found the +1 cloak of Starlight {*Dazzle EV+4 Stlth--}
 39734 | D:15     | Noticed Josephine
 39756 | D:15     | Killed Josephine
 40291 | Depths:1 | Entered Level 1 of the Depths
 40344 | Depths:1 | Found a one-way gateway to a ziggurat.
 40547 | Depths:1 | Reached skill level 15 in Armour
 40616 | Depths:1 | Found a gateway to Hell.
 40670 | Depths:1 | Found a transporter.
 40678 | Depths:1 | Noticed a golden dragon
 40682 | Depths:1 | Noticed fragbeetle's ghost (adept GrEE)
 40682 | Depths:1 | Noticed a caustic shrike
 40691 | Depths:1 | Noticed a golden dragon
 40723 | Depths:1 | Found a transporter.
 40746 | Depths:1 | Killed a caustic shrike
 40748 | Depths:1 | Identified the +4 cloak of the Devil's Advocate {Harm Fly
                  | Int-4 Dex+8}
 40750 | Depths:1 | HP: 6/170 [golden dragon/bolt of cold (14)]
 40750 | Depths:1 | Killed from afar by a shadow dragon

Illustrated notes

Levels and vault maps discovered:
D:1:      dpeg_arrival_water_temple_mockup, layout_basic
D:2:      layout_basic, serial_bayou, serial_bayou_pond_b, serial_bayou_pond_e,
          serial_bayou_pond_d, serial_bayou_pond_b, serial_bayou_pond_d,
          serial_bayou_lake_a, serial_shops, nicolae_shop_stone,
          uniq_crazy_yiuf_cottage
D:3:      layout_basic, gammafunk_ghost_mausoleum, serial_glass,
          glass_columns_b, glass_columns_b
D:4:      layout_loops_ring, nicolae_elevator_lobby_asterisk, uniq_menkaure,
          uniq_sigmund
D:5:      layout_gridville, trog_book
D:6:      layout_cave_pods, minmay_temple_entry_glass, portal_sewer_entry_e,
          serial_park_tiny_pond, bh_walls_and_bars, uniq_grinder
D:7:      layout_rooms, minmay_ruffians
D:8:      layout_cave_pods
D:9:      layout_irregular_city, kennysheep_just_a_vault, uniq_prince_ribbit1
D:10:     layout_basic, dpeg_lair_monsters, minivault_12
D:11:     layout_loops_ring, zombieorc2_lemuel
D:12:     minmay_inner_zag, layout_loops_corners, nicolae_ashenzari_skybound
D:13:     layout_roguey [special_room_bee], david_vaults_1, glass_columns_c,
          hangedman_abyss_or_decor_stagger, amcnicky_mini_pool_small,
          glass_columns_b, einodemon_armed_red_devil_minivault
D:14:     layout_roguey, nicolae_tso_carved_into_rock
D:15:     grunt_enter_depths_magical_seal, layout_basic, hex_tiny,
          minivault_25_ag, hellmonk_guarded_unrand_starlight, uniq_josephine
Lair:1:   layout_misc_corridors, uniq_joseph, uniq_maggie
Lair:2:   layout_cave_pods
Lair:3:   hellmonk_destroyed_diamonds, layout_big_grid,
          nicolae_swamp_entry_splash_gauntlet, st_stairs_10
Lair:4:   layout_cave_pods, spider_nest_entry_web_field, uniq_nessos
Lair:5:   pond_and_an_island_with_a_cottage, layout_layer_cave,
          minmay_slime_entry_jelly_boxes, uniq_kirke
Lair:6:   hellmonk_lair_end_abyssal_woods, layout_regular_city, evilmike_ambush
          [evilmike_ambush_outer_doors, evilmike_ambush_inner_basic]
Swamp:1:  layout_basic_swamp, nicolae_swamp_feature_on_the_river_bank
Swamp:2:  layout_basic_swamp, nicolae_swamp_dense_foliage, uniq_nikola
Swamp:3:  layout_basic_swamp, ebering_ghost_rock_garden,
          evilmike_swamp_ruin_house_2, swamp_pool1
Swamp:4:  swamp_alternative, layout_basic_swamp
Spider:1: layout_spider_delve, nicolae_spider_swamp_cousins
Spider:2: layout_spider_delve, portal_ice_cave_entry_pillars_three
Spider:3: layout_spider_delve, ebering_ghost_rock_garden,
          hangedman_stitches_earthworm
Spider:4: grunt_spider_rune_circles, ebering_ghost_reflecting_pool,
          nicolae_spider_some_kinda_spiderbox, uniq_asterion
Orc:1:    layout_caves, serial_shops, nicolae_shop_bloodbath_and_beyond,
          hellmonk_bongcloud_opening, bloody_makhleb
Orc:2:    grunt_orc_community_town_hall, layout_caves,
          grunt_orc_community_big_house_2, grunt_orc_community_big_house_2,
          grunt_orc_community_house_1, grunt_orc_community_house_2,
          grunt_orc_community_house_1, grunt_orc_community_house_2,
          grunt_orc_community_house_1
Depths:1: layout_honeycomb, enter_ziggurat_f, minmay_misc_feat_iff,
          minmay_room_of_horrors, rand_demon_pan_entry_4, hell_entry,
          gammafunk_ghost_berserking_beasts, nicolae_shop_gadgets

Skill      XL: |  1  2  3  4  5  6  7  8  9 10 11 12 13 14 15 16 17 18 19 |
---------------+----------------------------------------------------------+-----
Unarmed Combat | 3 4 5 6 7 9 10 11 14 15 17 18 | 18.7
Fighting       | 4 5 6 7 9 10 12 14 15 | 15.0
Dodging        | 4 6 8 10 13 15 | 15.0
Armour         | 6 9 10 12 14 15 | 15.0
Shields        | 8 11 13 15 | 15.0

Action                   |  1- 3 |  4- 6 |  7- 9 | 10-12 | 13-15 | 16-18 | 19-21 || total
-------------------------+-------+-------+-------+-------+-------+-------+-------++-------
Melee: Unarmed           |   140 |   128 |   281 |   519 |  1374 |  2424 |   255 ||  5121
       Punch             |     2 |     9 |    18 |    64 |   151 |       |       ||   244
       Kick              |       |    31 |    47 |       |       |       |   120 ||   198
       Touch             |       |     7 |    29 |   127 |   246 |       |       ||   409
       Tailslap          |       |       |    28 |    91 |   254 |   503 |    60 ||   936
Throw: Dart              |       |       |       |     1 |       |       |       ||     1
Invok: Berserk           |     1 |     3 |     4 |    12 |    22 |    18 |     3 ||    63
       Trog's Hand       |       |       |       |       |    11 |     4 |     1 ||    16
       Brothers in Arms  |       |       |       |       |     2 |     2 |     1 ||     5
Evoke: Wand              |       |       |       |       |       |     5 |       ||     5
  Use: Scroll            |       |     2 |     9 |     9 |     8 |    13 |     2 ||    43
       Potion            |       |       |     3 |       |     2 |     6 |       ||    11
 Stab: Held in net/web   |       |       |       |       |     1 |       |       ||     1
       Sleeping          |       |       |       |       |     1 |       |       ||     1
       Invisible         |       |       |       |       |     1 |       |       ||     1
       Confused          |       |       |       |       |     4 |       |       ||     4
Armor: Animal skin       |     5 |       |       |       |       |       |       ||     5
       Ring mail         |    43 |    54 |   161 |    62 |    38 |       |       ||   358
       Troll leather arm |       |       |       |    82 |   197 |       |       ||   279
       Plate armour      |       |       |       |       |   226 |   429 |       ||   655
       Gold dragon scale |       |       |       |       |       |  1127 |   121 ||  1248
       Ice dragon scales |       |       |       |       |       |    20 |       ||    20
Dodge: Dodged            |   118 |    72 |   214 |   335 |   857 |   645 |    60 ||  2301
Block: Tower shield      |       |       |       |       |   149 |  3365 |   360 ||  3874

Table legend: (Time is in decaauts)
 A = Elapsed time spent in this place.
 B = Non-inter-level travel time spent in this place.
 C = Inter-level travel time spent in this place.
 D = Time resting spent in this place.
 E = Time spent auto-exploring this place.
 F = Levels seen in this place.
 G = Mean time per level.
                   A        B        C        D        E       F      G
               +--------+--------+--------+--------+--------+-----+--------+
         Total |  40871 |  39107 |   1764 |   6574 |  23595 |  34 | 1202.1 |
       Dungeon |  15489 |  14811 |    678 |   1105 |  11294 |  15 | 1032.6 |
          Lair |   8938 |   8367 |    571 |   1528 |   5163 |   6 | 1489.7 |
         Swamp |   6741 |   6521 |    220 |   1955 |   3194 |   4 | 1685.2 |
   Spider Nest |   6059 |   5851 |    208 |   1524 |   2020 |   4 | 1514.8 |
  Orcish Mines |   1638 |   1552 |     86 |    299 |    762 |   2 |  819.0 |
        Depths |    468 |    468 |      0 |     54 |    305 |   1 |  468.0 |
         Sewer |    482 |    482 |      0 |      0 |    237 |   1 |  482.0 |
      Ice Cave |   1053 |   1053 |      0 |    105 |    619 |   1 | 1053.0 |
               +--------+--------+--------+--------+--------+-----+--------+

Top non-repeatable levels by time:
  Lair:6: 2624 daAuts
 Swamp:1: 2382 daAuts
Spider:4: 2028 daAuts
Spider:2: 1731 daAuts
 Swamp:2: 1697 daAuts
    D:12: 1585 daAuts
  Lair:5: 1511 daAuts
 Swamp:3: 1453 daAuts
    D:15: 1336 daAuts
  Lair:3: 1326 daAuts
     D:3: 1260 daAuts
  Lair:2: 1248 daAuts
     D:2: 1234 daAuts
Spider:1: 1219 daAuts
    D:10: 1212 daAuts
